 Dungeon Crawl Stone Soup version 0.27-a0-416-gca2cecf3c0 (webtiles) character file.

Game seed: 13147174156437744503

15327 hellse the Grappler (level 12, 124/124 HPs)
             Began as a Troll Fighter on Feb 25, 2021.
             Was an Initiate of Gozag.
             Quit the game on level 11 of the Dungeon.
             The game lasted 00:15:52 (9267 turns).

hellse the Grappler (Troll Fighter)                 Turns: 9267, Time: 00:15:52

Health: 124/124    AC: 11    Str: 27    XL:     12   Next: 0%
Magic:  11/11      EV: 10    Int:  7    God:    Gozag
Gold:   662        SH: 10    Dex: 13    Spells: 11/11 levels left

rFire    . . .     SeeInvis .     - Unarmed
rCold    . . .     Faith    .   b - +0 kite shield
rNeg     . . .     Spirit   .   z - +2 robe {Will+}
rPois    .         Reflect  .   J - +0 hat {Int+3}
rElec    .         Harm     .   I - +0 cloak
rCorr    .         Rampage  .   (gloves unavailable)
Will     +....                  (boots unavailable)
Stlth    +.........             u - amulet of regeneration
HPRegen  2.30/turn              q - +4 ring of protection
MPRegen  0.12/turn              F - +4 ring of slaying

@: no status effects
A: large, unfitting armour, claws 3, regeneration 1, shaggy fur 1, tough skin 1
a: Renounce Religion, Potion Petition, Call Merchant, Bribe Branch


You were on level 11 of the Dungeon.
You worshipped Gozag.
Gozag was pleased with you.
You visited 2 branches of the dungeon, and saw 12 of its levels.

You collected 2457 gold pieces.
You spent 111 gold pieces at shops.
You paid 1684 gold pieces to Gozag.

Inventory:

Missiles
 w - 6 javelins (quivered)
Armour
 b - a +0 kite shield (worn)
 o - a +1 cloak
 y - a +0 robe of positive energy
 z - a +2 robe of willpower (worn)
 I - a +0 cloak (worn)
 J - a +0 hat of intelligence (worn)
 K - +0 steam dragon scales
Jewellery
 q - a +4 ring of protection (left claw)
 u - an amulet of regeneration (around neck)
 A - a ring of poison resistance
 F - a +4 ring of slaying (right claw)
Wands
 a - a wand of acid (14)
 p - a wand of random effects (17)
 B - a wand of iceblast (11)
 O - a wand of paralysis (6)
 P - a wand of polymorph (9)
Scrolls
 e - 6 scrolls of teleportation
 f - 2 scrolls of fear
 g - 5 scrolls of noise
 i - 2 scrolls of enchant armour
 j - 2 scrolls of amnesia
 m - a scroll of enchant weapon
 n - 3 scrolls of fog
 v - 10 scrolls of identify
 D - 4 scrolls of magic mapping
 G - 2 scrolls of immolation
 L - a scroll of silence {unknown}
Potions
 c - a potion of cancellation
 d - 8 potions of heal wounds {unknown}
 h - a potion of ambrosia
 k - 3 potions of invisibility {unknown}
 l - 2 potions of berserk rage
 r - 3 potions of flight
 s - 4 potions of curing {unknown}
 t - a potion of might
 x - a potion of degeneration {unknown}
 C - 2 potions of magic {unknown}
 E - a potion of brilliance {unknown}
 H - 2 potions of mutation {unknown}
 M - a potion of attraction {unknown}
 N - a potion of haste {unknown}


   Skills:
 - Level 9.6 Fighting
 - Level 5.7 Armour
 - Level 5.0 Dodging
 - Level 4.3 Shields
 - Level 12.8 Unarmed Combat
 + Level 1.2 Evocations


You had 11 spell levels left.
You didn't know any spells.
Your spell library contained the following spells:

 Spells                   Type           Power        Failure   Level
 Corona                   Hex            0%           77%         1
 Summon Small Mammal      Summ           0%           77%         1
 Call Imp                 Summ           0%           88%         2
 Ensorcelled Hibernation  Hex/Ice        0%           88%         2
 Call Canine Familiar     Summ           0%           98%         3
 Confusing Touch          Hex            0%           98%         3
 Dazzling Flash           Conj/Hex       0%           98%         3
 Summon Guardian Golem    Hex/Summ       0%           98%         3
 Tukima's Dance           Hex            0%           98%         3
 Summon Ice Beast         Ice/Summ       0%           100%        4
 Summon Lightning Spire   Summ/Air       0%           100%        4


Dungeon Overview and Level Annotations

Branches:
Dungeon (11/15)            Temple (1/1) D:7            Lair (0/6) D:8
    Orc (0/2) D:11

Altars:
Ashenzari
Cheibriados
Dithmenos
Elyvilon
Fedhas
Gozag
Hepliaklqana
Kikubaaqudgha
Makhleb
Nemelex Xobeh
Okawaru
Qazlal
Ru
Sif Muna
Trog
Uskayaw
Vehumet
Wu Jian
Xom
Yredelemnul
Zin
The Shining One

Shops:
D:4 (=[   D:6 =   D:7 *   D:8 ?(   D:11 [

Annotations:
D:7 2 transporters, Tarl's ghost, novice DsGl


Innate Abilities, Weirdness & Mutations

You are too large for most types of armour.
You have claws for hands.
Your natural rate of healing is unusually fast.
You are covered in fur. (AC +1)
You have tough skin. (AC +1)


Message History

An orc wizard is nearby!
An orc wizard is nearby!
An orc wizard is nearby!
You block the orc wizard's attack.
You eviscerate the orc wizard!!!
You kill the orc wizard!
No target in view!
You now have 1439 gold pieces (gained 5).
Things that are here:
a +0 dagger; a +0 robe An orc comes into view.
It is wielding a +0 hand axe.
The orc shouts!
An orc is nearby!
An orc is nearby!
An orc is nearby!
You eviscerate the orc!!!
You kill the orc!
No target in view!
No target in view!
You now have 1445 gold pieces (gained 6).
Things that are here:
a +0 hand axe; a +0 flail; a +0 leather armour You see here a +0 mace.
There is an open door here.
Done exploring.
Done exploring.
Done exploring.
Done exploring.
Search for what [Enter for "."]? .
Okay, then.
Okay, then. [a] 687 gold - Fien's Antique Weapon Emporium [b] 783 gold - Didea's Armour Shop [c] 988 gold - Gyucwy's Assorted Antiques Fund which merchant?
You no longer have enough gold to fund merchants seeking to open stores in the dungeon.
Didea invites you to visit her Armour Shop.
Are you sure you want to abandon this character and quit the game? (Confirm with "yes".)
Okay, then.
Are you sure you want to abandon this character and quit the game? (Confirm with "yes".)

###.......#8#...#
#.#..........
#........#######
#.#.......###
#.....#.##..##.#
#.####+##.###
#.....###...##.#
#.# #.......
#.....##....##.#
#.# #.######
#.)####.....##.#
#.# #.#
#..###).....##.#
#.# #.#
#..##.).....##.#
#.# #.#
#...........##@#
#.# #.#
######'#######.#
#.# #.#
#.#######.####.#
#.#
#..............#
#.#
#.........######
#.# #.#########
#.# #.# #.######
#.# #....... #.#
#.######


There were no monsters in sight!

Vanquished Creatures
  Gastronok (D:8)
  Harold (D:8)
  A hydra (D:11)
  2 two-headed ogres
  Sonja (D:11)
  An unseen horror (D:11)
  Pikel (D:6)
  2 ugly things (D:11)
  Maurice (D:9)
  A komodo dragon (D:11)
  Maggie (D:9)
  A troll (D:11)
  Grinder (D:4)
  Sigmund (D:4)
  8 yaks (D:11)
  A wraith (D:10)
  7 ice beasts
  6 orc warriors
  3 sky beasts
  A black bear (D:10)
  An eye of draining (D:11)
  6 ogres
  2 necrophages
  2 lemures (D:6)
  A phantom (D:8)
  8 centaurs
  A kobold brigand (D:11)
  4 bullfrogs
  A water moccasin zombie (D:6)
  2 scorpions
  7 killer bees
  8 wights
  2 electric eels (D:8)
  8 howler monkeys
  2 quasits
  4 hounds
  3 orc priests
  3 bullfrog skeletons (D:11)
  A centaur skeleton (D:11)
  A jelly (D:10)
  3 iguanas
  13 orc wizards
  12 worker ants
  11 gnolls
  A howler monkey skeleton (D:6)
  12 adders
  3 shadow imps
  3 white imps
  An ooze (D:5)
  2 adder skeletons
  An adder zombie (D:9)
  2 worms
  2 dart slugs (D:1)
  8 leopard geckos
  66 orcs
  2 ball pythons
  7 bats
  9 giant cockroaches
  13 goblins
  8 hobgoblins
  11 jackals
  3 quokkas
  6 frilled lizards
  A jackal zombie (D:6)
  16 kobolds
  A quokka skeleton (D:4)
  11 rats
337 creatures vanquished.

Vanquished Creatures (others)
  12 plants (D:8)
12 creatures vanquished.

Grand Total: 349 creatures vanquished

Notes
Turn   | Place    | Note
-------+----------+-------------------------------------------
     0 | D:1      | hellse the Troll Fighter began the quest for the Orb.
     0 | D:1      | Reached XP level 1. HP: 22/22 MP: 0/0
   104 | D:1      | Reached XP level 2. HP: 29/29 MP: 1/1
   111 | D:1      | Reached skill level 3 in Unarmed Combat
   380 | D:1      | Reached XP level 3. HP: 36/36 MP: 2/2
   727 | D:2      | Found a shimmering altar of Xom.
   729 | D:2      | Found a shimmering altar of Xom.
   729 | D:2      | Found a shimmering altar of Xom.
   773 | D:2      | Reached skill level 4 in Unarmed Combat
   888 | D:3      | Reached XP level 4. HP: 44/44 MP: 3/3
   974 | D:4      | Noticed Grinder
   975 | D:4      | Paralysed by Grinder for 7 turns
   978 | D:4      | Found Eckesoug's Antique Armour Shoppe.
  1004 | D:4      | Reached skill level 5 in Unarmed Combat
  1010 | D:4      | Reached XP level 5. HP: 29/50 MP: 4/4
  1037 | D:4      | Found Vall's Jewellery Emporium.
  1101 | D:4      | Found Mory's Antique Weapon Shop.
  1136 | D:4      | Killed Grinder
  1137 | D:4      | Reached skill level 6 in Unarmed Combat
  1137 | D:4      | Reached XP level 6. HP: 46/59 MP: 5/5
  1251 | D:4      | Reached skill level 7 in Unarmed Combat
  1370 | D:4      | Noticed Sigmund
  1376 | D:4      | Reached XP level 7. HP: 59/66 MP: 6/6
  1379 | D:4      | Killed Sigmund
  1380 | D:4      | Reached skill level 8 in Unarmed Combat
  1680 | D:5      | Entered Level 5 of the Dungeon
  1862 | D:5      | Found a hide-covered altar of Uskayaw.
  1862 | D:5      | Found a glowing silver altar of Zin.
  1956 | D:5      | Reached skill level 9 in Unarmed Combat
  2242 | D:6      | Noticed Pikel
  2282 | D:6      | Killed Pikel
  2283 | D:6      | Reached XP level 8. HP: 49/79 MP: 7/7
  2352 | D:6      | Found Neggav's Jewellery Shoppe.
  2370 | D:6      | Reached skill level 5 in Fighting
  2428 | D:6      | Found a sparkling altar of Nemelex Xobeh.
  2922 | D:6      | Found an ornate altar of the Wu Jian Council.
  3330 | D:7      | Found a staircase to the Ecumenical Temple.
  3339 | Temple   | Entered the Ecumenical Temple
  3568 | Temple   | Became a worshipper of Gozag Ym Sagoz the Greedy
  3602 | D:7      | Found Kajuiw's Assorted Antiques.
  3642 | D:7      | Reached XP level 9. HP: 88/88 MP: 8/8
  3673 | D:7      | Reached skill level 5 in Dodging
  3763 | D:7      | Found a transporter.
  3774 | D:7      | Noticed Tarl's ghost (novice DsGl)
  3774 | D:7      | Noticed a moth of wrath
  3794 | D:7      | Bought a scroll labelled SEMAES MULUIDO for 29 gold pieces
  3794 | D:7      | Bought a lumpy white potion for 26 gold pieces
  3963 | D:2      | Found a blossoming altar of Fedhas.
  4151 | D:2      | Found a shimmering blue altar of Sif Muna.
  4933 | D:7      | Noticed a catoblepas
  4946 | D:7      | Found a transporter.
  5089 | D:7      | Found an iron altar of Okawaru.
  5416 | D:8      | Noticed Harold
  5439 | D:8      | Killed Harold
  5440 | D:8      | Reached skill level 10 in Unarmed Combat
  5447 | D:8      | Reached skill level 11 in Unarmed Combat
  5697 | D:8      | Found a hazy altar of Hepliaklqana.
  5751 | D:8      | Reached XP level 10. HP: 95/96 MP: 9/9
  5804 | D:8      | Found Rykkyako's Antique Weapon Shop.
  5808 | D:8      | Noticed Gastronok
  5821 | D:8      | Killed Gastronok
  5822 | D:8      | Reached skill level 12 in Unarmed Combat
  5853 | D:8      | Found a staircase to the Lair.
  6062 | D:8      | Bought a scroll of magic mapping for 56 gold pieces
  6164 | D:9      | Noticed Maurice
  6170 | D:9      | Killed Maurice
  6301 | D:9      | Noticed Maggie
  6316 | D:9      | Killed Maggie
  7308 | D:10     | Entered Level 10 of the Dungeon
  7324 | D:10     | Reached skill level 1 in Armour
  7397 | D:10     | Found a white marble altar of Elyvilon.
  7446 | D:10     | Reached XP level 11. HP: 109/109 MP: 10/10
  7474 | D:10     | Found a glowing silver altar of Zin.
  7597 | D:10     | Noticed a two-headed ogre
  7607 | D:10     | Killed a two-headed ogre
  8102 | D:11     | Killed an unseen horror
  8108 | D:11     | Reached skill level 5 in Armour
  8346 | D:11     | Found a staircase to the Orcish Mines.
  8407 | D:11     | Noticed Sonja
  8421 | D:11     | Killed Sonja
  8492 | D:11     | Noticed a two-headed ogre
  8502 | D:11     | Killed a two-headed ogre
  8636 | D:11     | Noticed a green ugly thing
  8636 | D:11     | Noticed a white ugly thing
  8656 | D:11     | Killed a white ugly thing
  8665 | D:11     | Killed a green ugly thing
  8701 | D:11     | Noticed a four-headed hydra
  8719 | D:11     | Killed a four-headed hydra
  8936 | D:11     | Reached skill level 1 in Evocations
  8963 | D:11     | Reached XP level 12. HP: 124/124 MP: 11/11
  9267 | D:11     | Quit the game

Illustrated notes

Levels and vault maps discovered:
D:1:      lightli_arrival_noodles, layout_loops_cross
D:2:      layout_loops_ring, xom_redecorated, fedhas_altar_1, led_sif_pool,
          solitary_fountain, kennysheep_small_spiral
D:3:      layout_rooms, grunt_decor_arrowhead
D:4:      minmay_chambers_of_fours, layout_basic, serial_shops,
          nicolae_shop_waterfront, shop, shop, chequers_serial_rivers_small_a,
          kennysheep_generic_room_15, uniq_sigmund, uniq_grinder
D:5:      layout_cave_pools, amethyst_overflow_temple_binary
D:6:      layout_gridville, kennysheep_mini, nemelex_xobeh_ov_fountains_minmay,
          serial_shops, nicolae_shop_trees, uniq_pikel
D:7:      layout_rooms, kennysheep_okawaru_gauntlet, minmay_temple_entry_waves,
          serial_shops, shop, gammafunk_ghost_berserking_beasts, serial_curves,
          eino_curves_01, eino_curves_02, eino_curves_02
D:8:      layout_rooms, nzn_hepliaklqana_mist_gate, dpeg_oklobed_lair,
          serial_shops, shop, serial_bayou, serial_bayou_pond_d,
          serial_bayou_pond_d, serial_bayou_lagoon_a, serial_bayou_pond_d,
          lightli_orcish_oven, uniq_gastronok, uniq_harold
D:9:      layout_gridville, uniq_maggie, uniq_maurice
D:10:     layout_long_grid, basic_altar, chequers_avenue, elyvilon_altar_3
D:11:     layout_basic, hiddenorc1_lemuel, serial_park_tiny_pond, uniq_sonja
Temple:   nicolae_temple_figure_eight

Skill      XL: |  1  2  3  4  5  6  7  8  9 10 11 |
---------------+----------------------------------+-----
Unarmed Combat | 3 4 5 6 7 9 11 12 | 12.8
Fighting       | 4 5 7 9 |  9.6
Dodging        | 4 5 |  5.0
Shields        | 4 |  4.3
Armour         | 2 5 |  5.7
Evocations     | 1 |  1.2

Action                   |  1- 3 |  4- 6 |  7- 9 | 10-12 || total
-------------------------+-------+-------+-------+-------++-------
Melee: Unarmed           |   110 |    59 |   319 |   397 ||   885
Invok: Call Merchant     |       |       |       |     2 ||     2
Evoke: Wand              |       |       |       |     8 ||     8
  Use: Scroll            |       |     7 |     5 |       ||    12
       Potion            |       |     1 |     1 |       ||     2
 Stab: Sleeping          |       |       |     1 |     2 ||     3
       Distracted        |       |       |     3 |     1 ||     4
       Paralysed         |       |       |       |     3 ||     3
Armor: Robe              |    38 |    12 |   104 |   103 ||   257
Dodge: Dodged            |    31 |     9 |   134 |   140 ||   314
Block: Kite shield       |    55 |    15 |   159 |   178 ||   407

Table legend: (Time is in decaauts)
 A = Elapsed time spent in this place.
 B = Non-inter-level travel time spent in this place.
 C = Inter-level travel time spent in this place.
 D = Time resting spent in this place.
 E = Time spent auto-exploring this place.
 F = Levels seen in this place.
 G = Mean time per level.
                   A        B        C        D        E       F      G
               +--------+--------+--------+--------+--------+-----+--------+
         Total |   9300 |   8690 |    610 |    175 |   6457 |  12 |  775.0 |
       Dungeon |   9051 |   8477 |    574 |    175 |   6249 |  11 |  822.8 |
        Temple |    249 |    213 |     36 |      0 |    208 |   1 |  249.0 |
               +--------+--------+--------+--------+--------+-----+--------+

Top non-repeatable levels by time:
     D:9: 1210 daAuts
    D:11: 1180 daAuts
     D:6: 1136 daAuts
     D:7: 801 daAuts
     D:4: 794 daAuts
     D:2: 764 daAuts
    D:10: 762 daAuts
     D:8: 756 daAuts
     D:1: 633 daAuts
     D:5: 564 daAuts
     D:3: 446 daAuts
  Temple: 249 daAuts
